 Dungeon Crawl Stone Soup version 0.30-a0-760-g5a9884bb7c (webtiles) character file.

Game seed: 476879149561091575

34 mopl the Sneak (level 3, 0/18 HPs)
             Began as a Vine Stalker Brigand on Feb 10, 2023.
             Slain by an orc priest
             ... wielding a +0 dagger
              (4 damage)
             ... on level 2 of the Dungeon.
             The game lasted 00:01:01 (685 turns).

mopl the Sneak (Vine Stalker Brigand)                Turns: 685, Time: 00:01:02

Health: 0/18       AC:  4    Str: 13    XL:     3   Next: 31%
Magic:  0/4        EV: 11    Int: 11    God:
Gold:   97         SH:  0    Dex: 17    Spells: 2/2 levels left

rFire   . . .      SeeInvis .    a - +2 dagger
rCold   . . .      Faith    .    (no shield)
rNeg    . . .      Spirit   +    b - +0 robe
rPois   .          Reflect  .    j - +0 helmet
rElec   .          Harm     .    c - +0 cloak
rCorr   .          Rampage  .    (no gloves)
Will    .....                    (no boots)
Stlth   +++                      (no amulet)
HPRegen 0.23/turn                (no ring)
MPRegen 0.09/turn                (no ring)

@: no status effects
A: fangs 2, magic shield, antimagic bite, no potion heal 2
a: no special abilities


You were on level 2 of the Dungeon.
You visited 1 branch of the dungeon, and saw 2 of its levels.

You collected 97 gold pieces.

Inventory:

Hand Weapons
 a - a +2 dagger (weapon)
 f - a +0 rapier
Missiles
 d - 9 poisoned darts (quivered)
 e - 3 curare-tipped darts
Armour
 b - a +0 robe (worn)
 c - a +0 cloak (worn)
 j - a +0 helmet (worn)
Scrolls
 h - a scroll of teleportation {unknown}
 k - a scroll of vulnerability {unknown}
 l - a scroll of magic mapping {unknown}
 n - a scroll of noise {unknown}
Potions
 g - a potion of curing {unknown}
 i - a potion of resistance {unknown}
 m - a potion of heal wounds {unknown}


   Skills:
 - Level 1.7 Fighting
 + Level 2.3 Short Blades
 + Level 2.3 Throwing
 - Level 0.7 Dodging
 + Level 5.4 Stealth


You had 2 spell levels left.
You didn't know any spells.
Your spell library was empty.

Dungeon Overview and Level Annotations

Branches:
Dungeon (2/15)

Altars:


Innate Abilities, Weirdness & Mutations

You have extremely sharp teeth.
When hurt, damage is shared between your health and your magic reserves.
Your bite disrupts and absorbs the magic of your enemies.
Potions cannot restore your health.


Message History

No target in view!
No target in view!
You see here a ball python corpse.
You open the door.
A worm, an orc priest, an orc wizard and 2 orcs come into view.
The orc wizard is wielding a +0 dagger of venom.
Found 8 gold pieces.
A quokka comes into view.
The orc shouts!
The orc priest shouts!
The orc wizard shouts!
The orc shouts!
There is an open door here.
You hit the orc.
The orc is heavily wounded.
The orc hits you with a +0 mace.
You barely miss the orc.
The orc is heavily wounded.
The orc hits you with a +0 mace.
You hit the orc.
You kill the orc!
The orc priest hits you with a +0 dagger.
You closely miss the orc priest. Your bite misses the orc priest.
The orc priest barely misses you.
You closely miss the orc priest. Your bite misses the orc priest.
The orc priest calls down the wrath of Beogh upon you.
Beogh smites you!
* * * LOW HITPOINT WARNING * * *
You are too injured to fight recklessly!
You are too injured to fight recklessly!
You hit the orc priest but do no damage.
You bite the orc priest, but do no damage.
The orc priest closely misses you.
You closely miss the orc priest. Your bite misses the orc priest.
The orc priest closely misses you.
You hit the orc priest.
The orc priest is moderately wounded.
The orc priest hits you with a +0 dagger.
* * * LOW HITPOINT WARNING * * *
You hit the orc priest.
The orc priest is heavily wounded.
The orc priest hits you with a +0 dagger.
You die...

######## #..†...#
###.####.##
#.##.#####r........######
........@oow.............
###+#######o####...#.####
#...r.###....###.
#.....## #..####..
#.ow.o## #..# ##.
#.r...## #..# ## #.....#
+.## # ###+## #.# # #.#
##


You could see a worm, an orc priest, an orc wizard, an orc and a quokka.

Vanquished Creatures
  A dart slug (D:1)
  An orc (D:2)
  A bat (D:1)
  2 endoplasms
  2 giant cockroaches (D:1)
  3 goblins
  3 hobgoblins
  3 jackals (D:1)
  2 kobolds (D:1)
  A quokka (D:1)
  3 ball pythons
  A frilled lizard (D:1)
  3 rats
26 creatures vanquished.

Notes
Turn   | Place    | Note
-------+----------+-------------------------------------------
     0 | D:1      | mopl the Vine Stalker Brigand began the quest for the Orb.
     0 | D:1      | Reached XP level 1. HP: 11/11 MP: 2/2
    67 | D:1      | Reached skill level 5 in Stealth
    69 | D:1      | Reached skill level 2 in Short Blades
    72 | D:1      | Reached skill level 2 in Throwing
    72 | D:1      | Reached XP level 2. HP: 14/15 MP: 1/3
   402 | D:1      | Reached XP level 3. HP: 18/18 MP: 4/4
   685 | D:2      | Slain by an orc priest

Illustrated notes

Levels and vault maps discovered:
D:1:      dpeg_arrival_windows_large_door, layout_rooms, serial_park_tiny_1
D:2:      layout_loops_corners, minmay_quadrilaterals

Skill      XL: |  1 |
---------------+----+-----
Stealth        | 5 |  5.4
Short Blades   | 2 |  2.3
Throwing       | 2 |  2.3
Fighting       | |  1.7
Dodging        | |  0.7

Action                     || total
---------------------------++-------
  Melee: Dagger            ||    92
         Bite              ||    14
   Stab: Sleeping          ||     8
 Armour: Robe              ||    19
  Dodge: Dodged            ||    46

Table legend: (Time is in decaauts)
 A = Elapsed time spent in this place.
 B = Non-inter-level travel time spent in this place.
 C = Inter-level travel time spent in this place.
 D = Time resting spent in this place.
 E = Time spent auto-exploring this place.
 F = Levels seen in this place.
 G = Mean time per level.
                   A        B        C        D        E       F      G
               +--------+--------+--------+--------+--------+-----+--------+
         Total |    674 |    658 |     16 |      0 |    451 |   2 |  337.0 |
       Dungeon |    674 |    658 |     16 |      0 |    451 |   2 |  337.0 |
               +--------+--------+--------+--------+--------+-----+--------+

Top non-repeatable levels by time:
     D:1: 481 daAuts
     D:2: 192 daAuts
